woodfighter, chaotic female orcish Cavewoman -------------------------------- |...............%..............| |.------|--------------..-----.| |.|....|..|...|..%.|..-..-...|.| |.|....|??|...|....|..|..|...|.| | |.---|----|.).||------|..|...|.| .| |......|..|...|.|(.|%%|..-----.| ...<.| |.----.|..||---.|..|%%|......... |.|..-.-|--*.{.%-@-|..|.------.| |.|..|.......)..(a.-|--.-....|.| |.|----|--.----|--......|.._.|.| |.|((|...|.-).|.[|-|---------|.| |.|.(|..(|.|..|%!|... |.#|...-.| ..|..|..(|.---|%)|....|..|...|.| |.-|------..{.---------|------.| |..............................| -------------------------------- woodfighter the Young Cave Woman Experience level: 6 Strength: 18/02 Dexterity: 9 Constitution: 17 Intelligence: 11 Wisdom: 10 Charisma: 8 Health: 0(50) Energy: 23(23) Def: 4 Gold: 0 Moves: 2618 Dungeon seed: F0mfdUdhvlO-UpVc Game ID: woodfighter_1476879546 Your Inventory: Weapons a - a +1 club (weapon in hand) b - a +2 sling (alternate weapon; not wielded) Armor q - an uncursed +0 leather armor (being worn) z - an uncursed +0 dwarvish cloak (being worn) N - an uncursed +0 pair of iron shoes (being worn) Y - an uncursed +0 small shield (being worn) Comestibles c - an uncursed fortune cookie p - 2 uncursed sprigs of wolfsbane Wands I - a wand of teleportation (0:0) Tools i - an uncursed towel v - a +0 pick-axe y - an uncursed skeleton key J - an uncursed magic lamp Gems e - 11 uncursed flints (in quiver) Spells and supernatural/magical abilities: Name Level Category Fail Memory W - pray for help -- divine ? -- Your skills at the end: Miscellaneous Skills bare handed combat [Basic] stealth [Basic] Weapon Skills scimitar [Basic] club [Basic] sling [Basic] Spellcasting Skills Final Attributes: You were piously aligned. You were poison resistant. You had infravision. You were very stealthy. You are dead. Vanquished creatures: 2 wolves a gnome king 2 water nymphs 2 wood nymphs 2 gnome lords a gnomish wizard 2 red naga hatchlings a puppy a kitten 2 dwarves an iguana 2 jitterbugs 7 monkeys 2 hobbits an acid blob a gecko 5 giant rats 3 cave spiders 16 gnomes 3 manes a gnome zombie a fox a newt 2 sewer rats 5 grid bugs 3 lichens 70 creatures vanquished. Voluntary challenges: You did not cause conflict. You were not invisible. You did not have reflection. You were not displaced. You had been an atheist until turn 2165. You used a wielded weapon 112 times, starting on turn 457. You did not apply a unicorn horn. You did not use plumbed fixtures. You did not drink any magical draughts. You were illiterate. You never genocided any monsters. You never polymorphed an object. You never changed form. You used no wishes. You never split a pudding. You never wrote Elbereth's name. You never violated your personal moral code. Dungeon overview: The Dungeons of Doom: levels 1 to 5 Level 1 a long staircase Level 2 a sink Level 3 a scroll shop Level 4 (l) some fountains stairs to The Gnomish Mines Level 5 The Gnomish Mines: levels 5 to 7 Level 5 stairs to The Dungeons of Doom Level 6 Level 7 <- You were here many shops, a temple to Ishtar, a magic chest, some fountains, a sink History has recorded: On T:1 you entered the Dungeons of Doom to retrieve the Amulet of Yendor! On T:109 you reached level 2 of The Dungeons of Doom. On T:510 you reached level 3 of The Dungeons of Doom. On T:694 you advanced to experience level 2. On T:736 you reached level 4 of The Dungeons of Doom. On T:950 you reached level 5 of The Dungeons of Doom. On T:1100 you reached level 1 of The Gnomish Mines. On T:1194 you advanced to experience level 3. On T:1397 you advanced to experience level 4. On T:1682 you reached level 2 of The Gnomish Mines. On T:1939 you reached level 3 of The Gnomish Mines. On T:1940 you advanced to experience level 5. On T:2054 you advanced to experience level 6. On T:2099 you entered the Minetown temple On T:2184 you opened a magic chest. Score breakdown: Gold: 0 ( 0 points) Experience: 6 levels ( 500 points) Exploration: 7 levels ( 180 points) Discoveries: 14 items ( 700 points) Variety of kills: 26 monsters ( 1300 points) Major goal: reached Minetown ( 500 points) Survival: died (score multiplied by 3) Total score: 9540 Latest messages: There are a few objects here. There are several objects here. There are a few objects here. You see here 14 darts. There are a few objects here. "My feet hurt, I've been on them all day!" You see here a looking glass. You carefully open the magic chest... You put a cloudy potion into the magic chest. Where do you want to travel to? Never mind. You carefully open the magic chest... You put an uncursed labeled THARR into the magic chest. Where do you want to travel to? The fire ant bites! (4x) You're on fire! You hit the fire ant! The fire ant bites! You die... Final status: Goodbye woodfighter the Cavewoman, killed by a fire ant... You died in The Gnomish Mines on dungeon level 7 with 9540 points, and 0 pieces of gold, after 2618 moves. You were level 6 with a maximum of 50 hit points when you died.